 Dungeon Crawl Stone Soup version 0.25.1-2-g60ff931df9 (webtiles) character file.

Game seed: 3234527919822985061

3954 Chiseanne the Fighter (level 10, -4/115 HPs)
             Began as an Ogre Wanderer on Oct 7, 2020.
             Was an Initiate of Gozag.
             Killed from afar by an orc wizard (15 damage)
             ... with a puff of frost
             ... on level 8 of the Dungeon.
             The game lasted 00:18:01 (9200 turns).

Chiseanne the Fighter (Ogre Wanderer)               Turns: 9200, Time: 00:18:02

Health: -4/115     AC: 13    Str: 18    XL:     10   Next: 21%
Magic:  10/10      EV: 14    Int: 10    God:    Gozag
Gold:   1463       SH:  0    Dex: 14    Spells: 9/9 levels left

rFire    . . .     SeeInvis .   d - +4 quarterstaff (chaos)
rCold    . . .     Gourm    .   (shield currently unavailable)
rNeg     . . .     Faith    .   b - +0 robe
rPois    .         Spirit   .   (helmet restricted)
rElec    .         Reflect  .   m - +1 cloak (curse)
rCorr    .         Harm     .   (gloves unavailable)
MR       +....                  (boots unavailable)
Stlth    ++........             (no amulet)
HPRegen  0.29/turn              o - +4 ring of protection
MPRegen  0.12/turn              z - +4 ring of protection

@: mighty, lethally poisoned (-4 -> -5), gold aura, stab, very slightly
contaminated, invisible
A: large, unfitting armour, tough skin 1
a: Potion Petition, Call Merchant, Bribe Branch, Renounce Religion


You were on level 8 of the Dungeon.
You worshipped Gozag.
Gozag was most pleased with you.
You were not hungry.

You visited 1 branch of the dungeon, and saw 9 of its levels.

You collected 2419 gold pieces.
You paid 956 gold pieces to Gozag.

Inventory:

Hand Weapons
 a - a +1 hand axe of electrocution
 d - a +4 quarterstaff of chaos (weapon)
 f - a +2 flail of protection
 s - a +0 flail of holy wrath
 t - a +0 dire flail
 A - a +0 giant spiked club
 E - a +0 bardiche
Missiles
 c - 4 large rocks (quivered)
 k - 77 sling bullets
 n - 45 arrows
 y - 15 boomerangs
 F - 45 bolts
 H - a throwing net
Armour
 b - a +0 robe (worn)
 m - a cursed +1 cloak (worn)
Jewellery
 o - a +4 ring of protection (left hand)
 z - a +4 ring of protection (right hand)
 C - an uncursed ring of resist corrosion
Wands
 w - a wand of enslavement (18)
 G - a wand of flame (20)
 I - a wand of random effects (12)
Scrolls
 g - 2 scrolls of amnesia
 h - 5 scrolls of remove curse
 p - a scroll of teleportation
Potions
 e - 4 potions of lignification
 i - 3 potions of stabbing
 j - 2 potions of brilliance
 q - 4 potions of curing
 r - a potion of mutation {unknown}
 u - a potion of degeneration {unknown}
 v - a potion of ambrosia
 x - a potion of heal wounds {unknown}
 B - a potion of resistance
Comestibles
 l - 13 rations


   Skills:
 * Level 11.8 Fighting
   Level 1.7 Short Blades
 - Level 2.0 Axes
 * Level 7.5 Throwing
 * Level 8.0 Dodging
 - Level 1.0 Stealth
   Level 1.0 Shields


You had 9 spell levels left.
You didn't know any spells.
Your spell library was empty.

Dungeon Overview and Level Annotations

Branches:
Dungeon (9/15)             Temple (0/1) D:6            Lair (0/6) D:8
    Orc: D:9-12

Altars:
Dithmenos
Elyvilon
Gozag
Hepliaklqana
Kikubaaqudgha
Okawaru
Trog
Xom

Shops:
D:6 (:


Innate Abilities, Weirdness & Mutations

You are too large for most types of armour.
You have tough skin. (AC +1)


Message History

You hear a shout!
The hound zombie closely misses you. The hound zombie completely misses you.
The helpless big kobold fails to defend itself.
You sock the big kobold!
You kill the big kobold!
An orc priest comes into view. It is wielding a +0 flail.
The orc warrior becomes distracted by the nearby gold, dreaming of imaginary riches.
The hound zombie closely misses you.
The helpless hound zombie fails to defend itself.
You thump the hound zombie!
The hound zombie seems to slow down.
The hound zombie is heavily damaged.
You feel sick.
The orc warrior is no longer distracted by gold.
The hound zombie closely misses you. The orc wizard misses you.
You bludgeon the hound zombie!!
You destroy the hound zombie!
The orc wizard gestures at you while chanting.
The puff of frost hits you!
You die...
Your body crumbles into a pile of gold.

......##***,,**
*,,,,,,,*
.......## ***,*
*...o..#*
##......## ***
*......#
###.....##
*.....#* ###....##
*.....# # ##....##
*..o..# #
#.##...#####....#*
#
#........##.o...#
#
#.........#@....#
#
#.........$$....#
#
#........#.....##
# #.........#....#
##
##........#....#
.#
#.....).##.##.#*
##
##.........#*#.#*
##
#..#$###..#**#.#*
.##
##.$...##...#*..**


You could see an orc priest, an orc wizard and an orc.

Vanquished Creatures
  A death yak (D:8)
  A hippogriff (D:8)
  Sigmund (D:2)
  A wyvern (D:7)
  A sky beast (D:6)
  2 orc warriors
  2 phantoms
  6 ogres
  A big kobold (D:8)
  A wyvern zombie (D:8)
  4 bullfrogs
  A gnoll sergeant (D:6)
  A scorpion (D:4)
  A killer bee (D:8)
  2 howler monkeys
  2 crimson imps
  A centaur zombie (D:7)
  A jelly (D:9)
  A hound (D:7)
  9 orc priests
  2 bullfrog skeletons
  A centaur skeleton (D:4)
  7 orc wizards
  Crazy Yiuf (D:3)
  Terence (D:3)
  6 worker ants
  A hound zombie (D:8)
  2 hound skeletons (D:6)
  8 gnolls
  A howler monkey skeleton (D:4)
  12 adders
  2 oozes
  3 worms (D:2)
  3 dart slugs (D:1)
  4 leopard geckos
  36 orcs
  A ball python (D:2)
  7 bats
  4 giant cockroaches
  12 goblins
  10 hobgoblins
  12 jackals
  5 kobolds
  3 quokkas
  3 frilled lizards
  A quokka skeleton (D:4)
  A quokka zombie (D:5)
  8 rats
197 creatures vanquished.

Notes
Turn   | Place    | Note
-------+----------+-------------------------------------------
     0 | D:1      | Chiseanne the Ogre Wanderer began the quest for the Orb.
     0 | D:1      | Chiseanne set off with the following items: a +2 hand axe,
                  | a +0 robe, a +0 short sword, a ration
     0 | D:1      | Reached XP level 1. HP: 24/24 MP: 1/1
   257 | D:1      | Reached XP level 2. HP: 31/33 MP: 2/2
   710 | D:1      | Reached XP level 3. HP: 40/40 MP: 3/3
   844 | D:1      | Reached skill level 5 in Fighting
  1498 | D:2      | Reached XP level 4. HP: 34/50 MP: 4/4
  2414 | D:2      | Noticed Sigmund
  2854 | D:3      | Reached skill level 6 in Fighting
  2854 | D:3      | Reached XP level 5. HP: 51/59 MP: 5/5
  3069 | D:3      | Found a runed translucent door.
  3070 | D:3      | Noticed Crazy Yiuf
  3083 | D:3      | Killed Crazy Yiuf
  3431 | D:3      | Reached XP level 6. HP: 50/68 MP: 6/6
  3493 | D:3      | Noticed Terence
  3498 | D:3      | Killed Terence
  3586 | D:3      | Found a shimmering altar of Xom.
  3586 | D:3      | Found a white marble altar of Elyvilon.
  3586 | D:3      | Found a hazy altar of Hepliaklqana.
  3736 | D:3      | Reached skill level 7 in Fighting
  3890 | D:2      | Killed Sigmund
  3890 | D:2      | Reached skill level 1 in Throwing
  3890 | D:2      | Reached XP level 7. HP: 65/78 MP: 7/7
  3960 | D:2      | Found an iron altar of Okawaru.
  4356 | D:4      | Reached skill level 8 in Fighting
  4521 | D:4      | Reached skill level 5 in Dodging
  4632 | D:4      | Reached XP level 8. HP: 72/89 MP: 8/8
  5330 | D:5      | Entered Level 5 of the Dungeon
  5514 | D:5      | Found a bloodstained altar of Trog.
  5527 | D:5      | Found an opulent altar of Gozag.
  5542 | D:5      | Became a worshipper of Gozag Ym Sagoz the Greedy
  5595 | D:5      | Reached skill level 9 in Fighting
  5632 | D:5      | Found an ancient bone altar of Kikubaaqudgha.
  6391 | D:5      | Identified a scroll of acquirement
  6391 | D:5      | Acquired 1580 gold pieces
  6497 | D:6      | Reached skill level 5 in Throwing
  6519 | D:6      | Reached XP level 9. HP: 26/101 MP: 9/9
  6944 | D:6      | Found Xunext's Book Emporium.
  6987 | D:6      | Reached skill level 10 in Fighting
  7504 | D:6      | Found a staircase to the Ecumenical Temple.
  8235 | D:7      | Found a shadowy altar of Dithmenos.
  8235 | D:7      | Found an ancient bone altar of Kikubaaqudgha.
  8241 | D:7      | You fall into a shaft and drop 1 floor!
  8289 | D:8      | Noticed a death yak
  8313 | D:8      | Killed a death yak
  8313 | D:8      | Reached skill level 11 in Fighting
  8313 | D:8      | Reached XP level 10. HP: 39/114 MP: 10/10
  8315 | D:8      | Noticed a death yak
  8316 | D:8      | Noticed a death yak
  8770 | D:9      | Found an opulent altar of Gozag.
  8957 | D:9      | Noticed a two-headed ogre
  9172 | D:8      | Noticed a red ugly thing
  9185 | D:8      | HP: 5/115 [red ugly thing (12)]
  9200 | D:8      | Killed from afar by an orc wizard

Illustrated notes

Levels and vault maps discovered:
D:1:      dpeg_arrival_pits, layout_basic
D:2:      layout_basic, minmay_misc_feat_diagonals, okawaru_altar_gauntlet_db,
          uniq_sigmund
D:3:      layout_basic, chequers_temple_overflow_statue_of_worship,
          minmay_fractal_squares_gapless_5, uniq_crazy_yiuf_cottage,
          uniq_terence
D:4:      layout_rooms
D:5:      layout_loops_ring, kennysheep_mini, first_ration, basic_altar,
          chequers_mini_garden, grunt_gozag_breadcrumbs
D:6:      layout_rooms, minmay_temple_entry_sparse_star, serial_shops, shop
D:7:      layout_rooms, gammafunk_temple_overflow_wave, grunt_ogre_cave
D:8:      layout_cave_pods, dpeg_lair_monsters, minmay_bent
D:9:      layout_loops_ring, basic_altar

Skill      XL: |  1  2  3  4  5  6  7  8  9 10 |
---------------+-------------------------------+-----
Dodging        | 2 3 4 5 6 7 8 |  8.0
Fighting       | 5 6 7 8 9 11 | 11.8
Throwing       | 1 3 5 7 |  7.5
Short Blades   | |  1.7
Axes           | |  2.0
Stealth        | |  1.0
Shields        | |  1.0

Action                   |  1- 3 |  4- 6 |  7- 9 | 10-12 || total
-------------------------+-------+-------+-------+-------++-------
Melee: Hand axe          |   102 |    89 |       |       ||   191
       Quarterstaff      |       |    54 |   362 |    77 ||   493
Throw: Large rock        |       |     4 |     5 |       ||     9
       Stone             |       |     1 |       |       ||     1
Invok: Call Merchant     |       |       |     1 |       ||     1
       Potion Petition   |       |       |     1 |     1 ||     2
  Use: Scroll            |       |     6 |    11 |     4 ||    21
       Potion            |       |       |     2 |       ||     2
 Stab: Sleeping          |     1 |     2 |     2 |     5 ||    10
       Petrified         |       |       |     8 |       ||     8
       Paralysed         |       |       |     3 |       ||     3
       Distracted        |       |       |     2 |       ||     2
  Eat: Chunk             |     2 |     8 |     5 |       ||    15
       Ration            |       |       |     4 |       ||     4
Armor: Robe              |    41 |    58 |   201 |    38 ||   338
Dodge: Dodged            |    55 |   115 |   364 |    54 ||   588
